 Dungeon Crawl Stone Soup version 0.31-a0-1278-g11c5b68f87 (webtiles) character file.

Game seed: 8819295985220325416

20849 grandjackal the Fighter (level 12, -4/112 HPs)
             Began as a Pale Draconian Gladiator on Dec 17, 2023.
             Was an Initiate of Gozag.
             Slain by a warg (14 damage)
             ... on level 1 of the Orcish Mines.
             The game lasted 00:18:38 (13335 turns).

grandjackal the Fighter (Pale Draconian Gladiator) Turns: 13335, Time: 00:18:42

Health: -4/112     AC: 10    Str: 17    XL:     12   Next: 49%
Magic:  12/12      EV: 23    Int:  9    God:    Gozag
Gold:   2332       SH:  0    Dex: 17    Spells: 11/11 levels left

rFire   . . .        a - +1 long sword
rCold   . . .        (no shield)
rNeg    . . .        (body armour unavailable)
rPois   .            b - +0 hat
rElec   .            n - +0 cloak
rCorr   .            (no gloves)
SInv    +            p - +0 pair of boots
Will    .....        F - amulet of the acrobat
Stlth   ++           r - +5 ring of evasion
HPRegen 0.38/turn    m - ring of see invisible
MPRegen 0.13/turn

%: acrobat
@: short of breath, gold aura, studying Air Magic
A: breathe steam, AC +8, unfitting armour, cold-blooded, steam resistance
a: Breathe Steam, Renounce Religion, Potion Petition, Call Merchant, Bribe
Branch


You were on level 1 of the Orcish Mines.
You worshipped Gozag.
Gozag was most pleased with you.
You visited 3 branches of the dungeon, and saw 14 of its levels.

You collected 2437 gold pieces.
You paid 105 gold pieces to Gozag.

Inventory:

Hand Weapons
 a - a +1 long sword (weapon)
Missiles
 c - 4 throwing nets
 d - 3 javelins
 A - 3 curare-tipped darts (quivered)
Armour
 b - a +0 hat (worn)
 n - a +0 cloak (worn)
 p - a +0 pair of boots (worn)
Jewellery
 m - a ring of see invisible (right hand)
 r - a +5 ring of evasion (left hand)
 t - a ring of flight
 y - a ring of resist corrosion
 F - an amulet of the acrobat (around neck)
Wands
 u - a wand of roots (3)
 K - a wand of polymorph (6)
Scrolls
 e - 6 scrolls of revelation
 k - a scroll of enchant armour {unknown}
 o - a scroll of teleportation
 z - a scroll of torment {unknown}
 B - 3 scrolls of enchant weapon
 C - a scroll of blinking
 D - a scroll of noise
 E - a scroll of fog {unknown}
 G - 5 scrolls of fear {unknown}
 L - a scroll of poison {unknown}
Potions
 f - 8 potions of curing
 i - 3 potions of cancellation
 j - a potion of brilliance {unknown}
 l - 4 potions of lignification {unknown}
 q - a potion of resistance
 s - a potion of degeneration {unknown}
 v - a potion of ambrosia
 w - a potion of magic {unknown}
 x - a potion of heal wounds {unknown}
 H - 2 potions of mutation {unknown}
 J - 2 potions of attraction {unknown}
 M - 2 potions of might {unknown}


   Skills:
 + Level 12.2 Fighting
 + Level 11.4 Long Blades
 - Level 2.0 Throwing
 + Level 10.5 Dodging
 - Level 10.0 Evocations


You had 11 spell levels left.
You didn't know any spells.
Your spell library contained the following spells:

 Spells                   Type           Power      Damage    Failure   Level
 Kiss of Death            Conj/Necr      0%         2d5       38%         1
 Slow                     Hex            0%         N/A       38%         1
 Wereblood                Tmut           0%         N/A       52%         2
 Confusing Touch          Hex            0%         N/A       77%         3
 Ignite Poison            Fire/Tmut/Pois 0%         N/A       77%         3
 Ozocubu's Armour         Ice            0%         N/A       77%         3
 Sigil of Binding         Hex            0%         N/A       77%         3
 Vampiric Draining        Necr           0%         2d6       77%         3
 Sticky Flame             Conj/Fire      0%         2d3       99%         4
 Irradiate                Conj/Tmut      0%         3d11      100%        5
 Metabolic Englaciation   Hex/Ice        0%         N/A       100%        5
 Summon Forest            Summ/Tloc      0%         N/A       100%        5
 Summon Mana Viper        Hex/Summ       0%         N/A       100%        5
 Summon Cactus Giant      Summ           0%         N/A       100%        6
 Ozocubu's Refrigeration  Ice            0%         4d7       100%        7
 Ignition                 Fire           0%         3d3       100%        8
 Simulacrum               Ice/Necr       Unusable   N/A       N/A         6

Dungeon Overview and Level Annotations

Branches:
Dungeon (12/15)            Temple (1/1) D:7            Lair (0/5) D:9
    Orc (1/2) D:10

Altars:
Ashenzari
Cheibriados
Dithmenos
Elyvilon
Fedhas
Gozag
Hepliaklqana
Kikubaaqudgha
Makhleb
Nemelex Xobeh
Okawaru
Qazlal
Ru
Sif Muna
Trog
Uskayaw
Vehumet
Wu Jian
Xom
Yredelemnul
Zin
The Shining One


Innate Abilities, Weirdness & Mutations

You can breathe blasts of scalding, opaque steam.
Your pale cyan-grey scales are hard. (AC +8)
You cannot fit into any form of body armour.
You are cold-blooded and may be slowed by cold attacks.
You are immune to the effects of steam.


Message History

The orc warrior is almost dead.
The fiery explosion engulfs the orc!!
The orc explodes!
The fiery explosion engulfs the orc warrior!!
The fiery explosion engulfs the orc!!
You kill the orc!
The fiery explosion engulfs the orc priest!!
The orc priest explodes!
The orc warrior explodes!
The kobold blastminer explodes!
The orc warrior explodes!
You are engulfed in blazing flames.
* * * LOW HITPOINT WARNING * * *
The warg is distracted by your dazzling golden aura.
Unknown command.
Unknown command.
Unknown command.
Unknown command.
Unknown command.
Unknown command.
Unknown command.
Unknown command.
Unknown command.
The warg is no longer distracted by gold.
The warg is distracted by your dazzling golden aura.
The ogre is distracted by your dazzling golden aura.
The orc warrior is distracted by your dazzling golden aura.
An orc wizard comes into view. It is wielding a +0 dagger.
The warg is no longer distracted by gold.
The ogre is no longer distracted by gold.
The ogre is distracted by your dazzling golden aura.
Blink to where?
Press: ? - help, Dir - move target
Okay, then.
Okay, then.
As you read the scroll labelled REEFUU TUCAYB, it crumbles to dust.
You hear a loud clanging noise!
It was a scroll of noise.
The ogre shouts!
You hear a shout!
The warg bites you!
You die...
Your body crumbles into a pile of gold.

######.##.###$$$..).#..K......
##.##.......# #$$)§§..o......[.
#........#.## ##$$☼#oo..h).....
##..#.....## ##§###.##§..<>..
#...#...#### ##☼##.##o#)[[...
##....[....## #..O..o....o[...
##...........###..##.........#.
#.......#..........###..)....o#
##.....#.#.#..@h...........#.##
#...........#...........#.#####
#..............#.#....#..#.###
##.......#......###..........##
#...>..........#####.....#.....
#...............##..#....##..#.
##...................#.........
##.........#...##.............
##......>.....#....^.#.......


You could see a warg (inner flame) and an ogre (inner flame).

Vanquished Creatures
  A hydra (D:12)
  Harold (Orc:1)
  5 two-headed ogres
  2 ugly things
  A deep elf pyromancer (D:12)
  An orc sorcerer (D:10)
  A cyclops (D:11)
  A kobold blastminer (Orc:1)
  2 gargoyles (D:12)
  An unseen horror (D:11)
  2 kobold demonologists (D:9)
  6 trolls
  Prince Ribbit (D:5)
  2 shadows
  14 yaks
  5 wraiths
  A vampire (D:12)
  A wyvern (D:11)
  Grum (D:8)
  6 wargs
  2 steam dragons
  A basilisk (D:12)
  9 vampire mosquitoes
  An acid dragon (D:12)
  4 water moccasins
  An ice beast (D:5)
  14 orc warriors
  2 sky beasts (D:7)
  An ogre (D:7)
  3 black bears
  2 centaurs
  2 wolves (D:8)
  2 phantoms (D:5)
  2 kobold brigands (D:9)
  4 bullfrogs
  7 scorpions
  4 wights (D:6)
  6 killer bees (D:9)
  An electric eel (D:10)
  5 howler monkeys
  4 hounds
  19 orc priests
  2 jellies
  2 sleepcaps
  3 iguanas
  13 orc wizards
  3 gnolls (D:7)
  8 adders
  A shadow imp (D:3)
  A white imp (D:5)
  4 ufetubi (D:6)
  A dart slug (D:2)
  67 orcs
  3 endoplasms
  4 giant cockroaches
  6 goblins
  4 hobgoblins
  5 jackals (D:1)
  19 kobolds
  2 quokkas
  2 ball pythons
  5 bats
  2 frilled lizards (D:1)
  4 rats
312 creatures vanquished.

Vanquished Creatures (others)
  An orc wizard (D:9)
1 creature vanquished.

Grand Total: 313 creatures vanquished

Notes
Turn   | Place    | Note
-------+----------+-------------------------------------------
     0 | D:1      | grandjackal the Draconian Gladiator began the quest for the
                  | Orb.
     0 | D:1      | Reached XP level 1. HP: 17/17 MP: 1/1
   259 | D:1      | Reached XP level 2. HP: 25/25 MP: 2/2
  1188 | D:2      | Reached XP level 3. HP: 28/30 MP: 3/3
  1327 | D:2      | Reached skill level 3 in Fighting
  2017 | D:3      | Found a broken altar of Ashenzari.
  2017 | D:3      | Found a shimmering altar of Xom.
  2147 | D:3      | Reached XP level 4. HP: 38/38 MP: 4/4
  2637 | D:4      | Noticed a scorpion
  2640 | D:4      | Killed a scorpion
  2641 | D:4      | Reached XP level 5. HP: 46/46 MP: 5/5
  2822 | D:4      | Reached skill level 4 in Fighting
  2862 | D:4      | Reached XP level 6. HP: 37/53 MP: 6/6
  3471 | D:5      | Entered Level 5 of the Dungeon
  3509 | D:5      | Noticed Prince Ribbit
  3521 | D:5      | Killed Prince Ribbit
  3522 | D:5      | Reached skill level 5 in Fighting
  3522 | D:5      | Reached skill level 5 in Long Blades
  3522 | D:5      | Your scales start taking on a pale cyan-grey colour.
  3522 | D:5      | Reached XP level 7. HP: 61/61 MP: 7/7
  3522 | D:5      | Gained mutation: You are immune to the effects of steam.
                  | [Pale Draconian growth]
  3678 | D:5      | Reached skill level 5 in Dodging
  3678 | D:5      | Reached skill level 1 in Evocations
  3887 | D:5      | Reached skill level 6 in Fighting
  3887 | D:5      | Reached XP level 8. HP: 47/70 MP: 8/8
  4553 | D:6      | Reached skill level 7 in Fighting
  5036 | D:6      | Reached XP level 9. HP: 75/79 MP: 9/9
  5158 | D:7      | Reached skill level 5 in Evocations
  5552 | D:7      | Found a staircase to the Ecumenical Temple.
  5566 | Temple   | Entered the Ecumenical Temple
  5575 | Temple   | Became a worshipper of Gozag Ym Sagoz the Greedy
  5867 | D:8      | Reached skill level 8 in Fighting
  5934 | D:8      | Noticed Grum
  5951 | D:8      | Killed Grum
  6090 | D:8      | Found a stormy altar of Qazlal.
  6680 | D:9      | Reached XP level 10. HP: 48/90 MP: 10/10
  6939 | D:9      | Found a staircase to the Lair.
  7044 | D:9      | Reached skill level 9 in Fighting
  7202 | D:9      | Noticed an orange demon
  7389 | D:9      | Found a shimmering blue altar of Sif Muna.
  7431 | D:9      | Got Sif Muna's Handbook of Abominable Mysteries
  7780 | D:10     | Entered Level 10 of the Dungeon
  7884 | D:10     | Found a shadowy altar of Dithmenos.
  7899 | D:10     | Noticed a two-headed ogre
  7915 | D:10     | Killed a two-headed ogre
  7929 | D:10     | Reached XP level 11. HP: 52/99 MP: 11/11
  8152 | D:10     | Found a white marble altar of Elyvilon.
  8327 | D:10     | Reached skill level 10 in Fighting
  8634 | D:10     | Found an iron altar of Okawaru.
  8787 | D:10     | Found a sparkling altar of Nemelex Xobeh.
  8816 | D:10     | Noticed a two-headed ogre
  8829 | D:10     | Killed a two-headed ogre
  8913 | D:10     | Found a staircase to the Orcish Mines.
  9387 | D:11     | Noticed a red ugly thing
  9412 | D:11     | Killed a red ugly thing
  9799 | D:11     | Reached skill level 10 in Long Blades
 10002 | D:11     | Found an iron altar of Okawaru.
 10672 | D:12     | Found a sparkling altar of Nemelex Xobeh.
 10738 | D:12     | Noticed a deep elf pyromancer
 10776 | D:12     | Noticed a green ugly thing
 10780 | D:12     | Noticed a two-headed ogre
 10782 | D:12     | Killed a green ugly thing
 10783 | D:12     | Reached skill level 11 in Fighting
 10797 | D:12     | Killed a two-headed ogre
 10999 | D:12     | Killed a deep elf pyromancer
 11329 | D:12     | Reached XP level 12. HP: 110/110 MP: 12/12
 11369 | D:12     | Noticed a six-headed hydra
 11378 | D:12     | Killed a six-headed hydra
 11379 | D:12     | Reached skill level 10 in Evocations
 11660 | Orc:1    | Entered Level 1 of the Orcish Mines
 11896 | Orc:1    | Noticed a two-headed ogre
 11899 | Orc:1    | Noticed an orc warlord
 11922 | Orc:1    | Killed a two-headed ogre
 11926 | Orc:1    | Noticed a two-headed ogre
 12347 | D:10     | Reached skill level 10 in Dodging
 12665 | D:10     | Killed a two-headed ogre
 12904 | Orc:1    | Noticed Harold
 12927 | Orc:1    | Killed Harold
 12928 | Orc:1    | Reached skill level 12 in Fighting
 13335 | Orc:1    | Slain by a warg

Illustrated notes

Levels and vault maps discovered:
D:1:      dpeg_arrival_water_fire, layout_basic, minmay_tetromino_t4
D:2:      layout_loops_ring
D:3:      layout_rooms, mainiacjoe_overflow_catwalk_spiral
D:4:      nicolae_BIG_FREAKIN_CUBE, layout_basic
D:5:      layout_loops_ring, uniq_prince_ribbit1
D:6:      layout_rooms
D:7:      layout_loops_cross, minmay_temple_entry_mini_moons
D:8:      layout_cave_pools, marbit_many_paths, uniq_grum
D:9:      layout_loops_ring, led_sif_book, lair_entry_dummy, special_room
          [special_room_orc]
D:10:     layout_loops_ring, lemuel_doored_altar, mainiacjoe_overflow_chevrons,
          mainiacjoe_overflow_alcove_4, elyvilon_altar_5, erik_orc_2
D:11:     layout_irregular_city, kennysheep_okawaru_gauntlet
D:12:     layout_small_grid, grunt_ministairs_12, hangedman_decor_peaks_small,
          chequers_serial_rivers_large_b, nemelex_spade_bored_becter
Temple:   nicolae_temple_bog_church
Orc:1:    layout_caves, nooodl_orcs_dogs, uniq_harold

Skill      XL: |  1  2  3  4  5  6  7  8  9 10 11 12 |
---------------+-------------------------------------+-----
Throwing       | 2 |  2.0
Dodging        | 3 4 5 6 7 8 9 10 | 10.5
Fighting       | 3 4 5 6 7 8 9 11 12 | 12.2
Long Blades    | 4 5 6 8 9 10 11 | 11.4
Evocations     | 2 4 6 8 9 10 | 10.0

Action                     |  1- 3 |  4- 6 |  7- 9 | 10-12 || total
---------------------------+-------+-------+-------+-------++-------
  Melee: Long sword        |   123 |    93 |   256 |   661 ||  1133
         Tailslap          |     6 |     9 |    44 |   128 ||   187
         Punch             |       |     1 |     3 |    10 ||    14
  Throw: Dart              |       |       |       |     7 ||     7
         Throwing net      |       |       |       |     3 ||     3
Ability: Breathe Steam     |       |       |    19 |    45 ||    64
  Evoke: Wand              |       |     8 |       |    20 ||    28
    Use: Scroll            |       |       |     8 |     4 ||    12
         Potion            |       |       |       |     1 ||     1
   Stab: Sleeping          |     2 |     1 |     2 |     1 ||     6
         Invisible         |       |     2 |       |       ||     2
         Distracted        |       |       |       |     6 ||     6
         Held in net/web   |       |       |       |     3 ||     3
 Armour: Skin              |    58 |    41 |   135 |   293 ||   527
  Dodge: Dodged            |    96 |    79 |   349 |   757 ||  1281

Table legend: (Time is in decaauts)
 A = Elapsed time spent in this place.
 B = Non-inter-level travel time spent in this place.
 C = Inter-level travel time spent in this place.
 D = Time resting spent in this place.
 E = Time spent auto-exploring this place.
 F = Levels seen in this place.
 G = Mean time per level.
                   A        B        C        D        E       F      G
               +--------+--------+--------+--------+--------+-----+--------+
         Total |  13397 |  12831 |    566 |   2396 |   7679 |  14 |  956.9 |
       Dungeon |  12852 |  12297 |    555 |   2381 |   7448 |  12 | 1071.0 |
        Temple |     20 |     10 |     10 |      0 |      0 |   1 |   20.0 |
  Orcish Mines |    524 |    524 |      0 |     15 |    231 |   1 |  524.0 |
               +--------+--------+--------+--------+--------+-----+--------+

Top non-repeatable levels by time:
    D:10: 2675 daAuts
     D:9: 1334 daAuts
    D:11: 1273 daAuts
     D:1: 1170 daAuts
    D:12: 980 daAuts
     D:4: 966 daAuts
     D:5: 837 daAuts
     D:7: 816 daAuts
     D:2: 758 daAuts
     D:8: 712 daAuts
     D:6: 708 daAuts
     D:3: 618 daAuts
   Orc:1: 524 daAuts
  Temple: 20 daAuts
